NCAA
OREGON DUCKS @ RUTGERS SCARLET KNIGHTS
05/16/2025
 
TOP OF THE 1ST
Oregon Ducks batting - Pitching for Rutgers Scarlet Knights : LHP Rubén De La Garza
Pitching: LHP Rubén De La Garza
Batting: RHB Kris Ballard 0-0: Swinging Strike
0-1: Swinging Strike
0-2: Ball
1-2: Ball
2-2: Strikes out looking
Batting: RHB Bob Levinson 0-0: Fly out, F8 (Flyball, 8RM)
Batting: RHB Tom Cirilo 0-0: Called Strike
0-1: Ball
1-1: Ball
2-1: Foul Ball, location: 2F
2-2: Foul Ball, location: 2F
2-2: Ball
3-2: Foul Ball, location: 2F
3-2: Foul Ball, location: 2F
3-2: Fly out, F9 (Flyball, 89M)
Top of the 1st over - 0 run(s), 0 hit(s), 0 error(s), 0 left on base; Oregon 0 - Rutgers 0
BOTTOM OF THE 1ST
Rutgers Scarlet Knights batting - Pitching for Oregon Ducks : RHP Bill Peterson
Pitching: RHP Bill Peterson
Batting: SHB Woody Stanley 0-0: Called Strike
0-1: Ground out 5-3 (Groundball, 56)
Batting: LHB Zach Baxter 0-0: Swinging Strike
0-1: Ball
1-1: Swinging Strike
1-2: Strikes out swinging
Batting: RHB Steve West 0-0: Called Strike
0-1: Ball
1-1: Fly out, F7 (Flyball, 7LS)
Bottom of the 1st over - 0 run(s), 0 hit(s), 0 error(s), 0 left on base; Oregon 0 - Rutgers 0
TOP OF THE 2ND
Oregon Ducks batting - Pitching for Rutgers Scarlet Knights : LHP Rubén De La Garza
Batting: SHB Joey Boyd 0-0: SINGLE (Groundball, 5D)
Batting: RHB Raúl González 0-0: Ball
1-0: Ball
2-0: Swinging Strike
2-1: Foul Ball, location: 2F
2-2: Strikes out swinging
Joey Boyd steals 2nd base
Batter strikes out.
Batting: RHB Mike Schenck 0-0: Ball
1-0: SINGLE (Groundball, 5D)
Joey Boyd to third
Runner from 3rd tries for Home, SAFE, no throw or cutoff
Batting: RHB Nate Trevino 0-0: Ball
1-0: Ball
2-0: Foul Ball, location: 2F
2-1: Ball
3-1: Called Strike
3-2: Ground out 5-3 (Groundball, 5S)
Mike Schenck to second
Batting: LHB Bill Stephenson 0-0: Ball
1-0: Hit by Pitch
Batting: RHB Jerry Harris 0-0: Ball
1-0: Foul Ball, location: 2F
1-1: Ball
2-1: 3-RUN HOME RUN (Flyball, 7D), Distance : 359 ft
Batting: RHB Kris Ballard 0-0: Ball
1-0: Ball
2-0: Foul Ball, location: 2F
2-1: Ball
3-1: Called Strike
3-2: Foul Ball, location: 2F
3-2: Base on Balls
Batting: RHB Bob Levinson 0-0: Ball
1-0: Ball
2-0: Ground out 1-3 (Groundball, 15)
Top of the 2nd over - 4 run(s), 3 hit(s), 0 error(s), 1 left on base; Oregon 4 - Rutgers 0
BOTTOM OF THE 2ND
Rutgers Scarlet Knights batting - Pitching for Oregon Ducks : RHP Bill Peterson
Batting: RHB Ed Keesee 0-0: SINGLE (Line Drive, 89M)
Batting: SHB Júlio Ayala 0-0: Called Strike
0-1: Grounds into double play, 4-6-3 (Groundball, 4)
Batting: RHB Manuel Reyes 0-0: Ball
1-0: Foul Ball, location: 2F
1-1: Called Strike
1-2: Foul Ball, location: 2F
1-2: Ball
2-2: Ball
3-2: Base on Balls
Batting: LHB Todd Sexton 0-0: Ball
1-0: Foul Ball, location: 2F
1-1: Swinging Strike
1-2: Foul Ball, location: 2F
1-2: Ball
2-2: Ball
3-2: SINGLE (Line Drive, 78S)
Manuel Reyes to second
Manuel Reyes to third
Batting: LHB Ismael Rodríguez 0-0: Foul Ball, location: 2F
0-1: Ball
1-1: Ball
2-1: SINGLE (Flyball, 9S)
Manuel Reyes scores
Todd Sexton to second
Throwing error, E9
Todd Sexton scores
Ismael Rodríguez to second
Batting: RHB Martín Campos 0-0: Foul Ball, location: 2F
0-1: Ball
1-1: Ball
2-1: Foul Ball, location: 2F
2-2: Ground out 5-3 (Groundball, 5S)
Bottom of the 2nd over - 2 run(s), 3 hit(s), 1 error(s), 1 left on base; Oregon 4 - Rutgers 2
TOP OF THE 3RD
Oregon Ducks batting - Pitching for Rutgers Scarlet Knights : LHP Rubén De La Garza
Batting: RHB Tom Cirilo 0-0: Called Strike
0-1: Foul Ball, location: 2F
0-2: Foul Ball, location: 2F
0-2: Ball
1-2: Foul Ball, location: 2F
1-2: Fly out, F7 (Flyball, 7M)
Batting: SHB Joey Boyd 0-0: Called Strike
0-1: Ball
1-1: Ball
2-1: Ball
3-1: Base on Balls
Batting: RHB Raúl González 0-0: Ball
1-0: Ball
2-0: Ball
3-0: Called Strike
3-1: Foul Ball, location: 2F
3-2: Strikes out swinging
Joey Boyd steals 2nd base
Batter strikes out.
Batting: RHB Mike Schenck 0-0: Ball
1-0: Called Strike
1-1: Ball
2-1: SINGLE (Groundball, 56D)
Joey Boyd to third
Runner from 3rd tries for Home, SAFE, no throw or cutoff
Batting: RHB Nate Trevino 0-0: Called Strike
0-1: Ground out 2-3 (Groundball, 25)
Top of the 3rd over - 1 run(s), 1 hit(s), 0 error(s), 1 left on base; Oregon 5 - Rutgers 2
BOTTOM OF THE 3RD
Rutgers Scarlet Knights batting - Pitching for Oregon Ducks : RHP Bill Peterson
Batting: SHB Woody Stanley 0-0: Ball
1-0: Ball
2-0: Called Strike
2-1: Ball
3-1: Base on Balls
Batting: LHB Zach Baxter 0-0: Ball
Woody Stanley is caught stealing 2nd base
1-0: Hit by Pitch
Batting: RHB Steve West Pickoff Throw to First - Error! E1
Zach Baxter to second
0-0: Called Strike
0-1: Foul Ball, location: 2F
0-2: Ball
1-2: Strikes out swinging
Batting: RHB Ed Keesee 0-0: Called Strike
0-1: Ball
1-1: Fly out, F7 (Flyball, 78M)
Bottom of the 3rd over - 0 run(s), 0 hit(s), 1 error(s), 1 left on base; Oregon 5 - Rutgers 2
TOP OF THE 4TH
Oregon Ducks batting - Pitching for Rutgers Scarlet Knights : LHP Rubén De La Garza
Batting: LHB Bill Stephenson 0-0: Ball
1-0: Foul Ball, location: 2F
1-1: Swinging Strike
1-2: Ball
2-2: Ground out 3-1 (Groundball, 3)
Batting: RHB Jerry Harris 0-0: Called Strike
0-1: Called Strike
0-2: Ball
1-2: Ground out 5-3 (Groundball, 56)
Batting: RHB Kris Ballard 0-0: Called Strike
0-1: Called Strike
0-2: Ball
1-2: Fly out, F8 (Flyball, 8RM)
Top of the 4th over - 0 run(s), 0 hit(s), 0 error(s), 0 left on base; Oregon 5 - Rutgers 2
BOTTOM OF THE 4TH
Rutgers Scarlet Knights batting - Pitching for Oregon Ducks : RHP Bill Peterson
Batting: SHB Júlio Ayala 0-0: Ball
1-0: Ball
2-0: Foul Ball, location: 2F
2-1: Foul Ball, location: 2F
2-2: Ball
3-2: Base on Balls
Batting: RHB Manuel Reyes 0-0: Called Strike
0-1: Foul Ball, location: 2F
0-2: Fly out, F8 (Flyball, 8RM)
Batting: LHB Todd Sexton 0-0: Called Strike
0-1: Ball
1-1: Ball
2-1: Ball
3-1: Fly out, F6 (Popup, 6)
Batting: LHB Ismael Rodríguez 0-0: Called Strike
0-1: Foul Ball, location: 2F
0-2: Ground out 3-1 (Groundball, 3L)
Bottom of the 4th over - 0 run(s), 0 hit(s), 0 error(s), 1 left on base; Oregon 5 - Rutgers 2
TOP OF THE 5TH
Oregon Ducks batting - Pitching for Rutgers Scarlet Knights : LHP Rubén De La Garza
Pitching: RHP Billy Corbett
Batting: RHB Bob Levinson 0-0: Ball
1-0: Ground out 6-3 (Groundball, 6M)
Batting: RHB Tom Cirilo 0-0: Ball
1-0: Ball
2-0: Ball
3-0: Called Strike
3-1: Called Strike
3-2: Base on Balls
Batting: SHB Joey Boyd 0-0: Ball
1-0: Foul Ball, location: 2F
1-1: Ball
2-1: Ball
3-1: Base on Balls
Tom Cirilo to second
Batting: RHB Raúl González 0-0: Ball
1-0: Called Strike
1-1: Foul Ball, location: 2F
1-2: Ball
2-2: Strikes out swinging
Batting: RHB Mike Schenck 0-0: Called Strike
0-1: Swinging Strike
0-2: Ball
1-2: Strikes out swinging
Top of the 5th over - 0 run(s), 0 hit(s), 0 error(s), 2 left on base; Oregon 5 - Rutgers 2
BOTTOM OF THE 5TH
Rutgers Scarlet Knights batting - Pitching for Oregon Ducks : RHP Bill Peterson
Batting: RHB Martín Campos 0-0: Foul Ball, location: 2F
0-1: Ground out 1-3 (Groundball, 13)
Batting: SHB Woody Stanley 0-0: Ball
1-0: Ground out 5-3 (Groundball, 56)
Batting: LHB Zach Baxter 0-0: SINGLE (Groundball, 56)
Batting: RHB Steve West 0-0: Ball
1-0: Foul Ball, location: 2F
1-1: Called Strike
1-2: Ball
2-2: Fielders Choice at 2nd, 5-4 (Groundball, 5)
Bottom of the 5th over - 0 run(s), 1 hit(s), 0 error(s), 0 left on base; Oregon 5 - Rutgers 2
TOP OF THE 6TH
Oregon Ducks batting - Pitching for Rutgers Scarlet Knights : RHP Billy Corbett
Batting: RHB Nate Trevino 0-0: Called Strike
0-1: Ball
1-1: Called Strike
1-2: Ground out 2-3 (Groundball, 2L)
Batting: LHB Bill Stephenson 0-0: Called Strike
0-1: Fly out, F9 (Flyball, 89M)
Batting: RHB Jerry Harris 0-0: Ball
1-0: Foul Ball, location: 2F
1-1: Swinging Strike
1-2: Ball
2-2: Ball
3-2: Foul Ball, location: 2F
3-2: Foul Ball, location: 2F
3-2: Base on Balls
Pitching: RHP John Rutherford
Batting: RHB Kris Ballard 0-0: Ball
1-0: Ball
2-0: Fly out, F9 (Flyball, 89S)
Top of the 6th over - 0 run(s), 0 hit(s), 0 error(s), 1 left on base; Oregon 5 - Rutgers 2
BOTTOM OF THE 6TH
Rutgers Scarlet Knights batting - Pitching for Oregon Ducks : RHP Bill Peterson
Batting: RHB Ed Keesee 0-0: SINGLE (Line Drive, 78M)
Batting: SHB Júlio Ayala 0-0: Ground out U3 (Groundball, 3S)
Ed Keesee to second
Batting: RHB Manuel Reyes 0-0: Foul Ball, location: 2F
0-1: Ball
1-1: Ground out 3-1 (Groundball, 34)
Ed Keesee to third
Pitching: RHP Ronnie Johnston
Batting: LHB Todd Sexton 0-0: Ball
1-0: Called Strike
1-1: Ball
2-1: Foul Ball, location: 2F
2-2: Ball
3-2: Base on Balls
Batting: LHB Ismael Rodríguez 0-0: Ball
1-0: SINGLE (Flyball, 9LS)
Ed Keesee scores
Todd Sexton to second
Runner from 2nd tries for 3rd, SAFE, throw made to third
Batting: RHB Martín Campos 0-0: Ground out 5-3 (Groundball, 56S)
Bottom of the 6th over - 1 run(s), 2 hit(s), 0 error(s), 2 left on base; Oregon 5 - Rutgers 3
TOP OF THE 7TH
Oregon Ducks batting - Pitching for Rutgers Scarlet Knights : RHP John Rutherford
Batting: RHB Bob Levinson 0-0: Swinging Strike
0-1: Ball
1-1: Fly out, F6 (Line Drive, 6)
Batting: RHB Tom Cirilo 0-0: Ball
1-0: Foul Ball, location: 2F
1-1: Ball
2-1: Fly out, F7 (Flyball, 78M)
Batting: SHB Joey Boyd 0-0: Ball
1-0: Ball
2-0: Ball
3-0: Called Strike
3-1: Base on Balls
Batting: RHB Raúl González 0-0: Swinging Strike
0-1: Swinging Strike
0-2: Ball
1-2: Ball
Passed Ball!
Joey Boyd to second
2-2: Ball
3-2: Fly out, F4 (Popup, 4)
Top of the 7th over - 0 run(s), 0 hit(s), 0 error(s), 1 left on base; Oregon 5 - Rutgers 3
BOTTOM OF THE 7TH
Rutgers Scarlet Knights batting - Pitching for Oregon Ducks : RHP Ronnie Johnston
Batting: SHB Woody Stanley 0-0: Ball
1-0: Called Strike
1-1: Called Strike
1-2: Ball
2-2: Ball
3-2: Foul Ball, location: 2F
3-2: Base on Balls
Batting: LHB Zach Baxter 0-0: Ball
1-0: Ball
2-0: Foul Ball, location: 2F
2-1: Ball
3-1: Called Strike
3-2: Foul Ball, location: 2F
3-2: SINGLE (Groundball, 4MD)
Woody Stanley to second
Batting: RHB Steve West 0-0: Called Strike
0-1: Ball
1-1: Ball
2-1: Ball
3-1: Base on Balls
Woody Stanley to third
Zach Baxter to second
Batting: RHB Ed Keesee 0-0: Called Strike
0-1: Ball
1-1: Foul Ball, location: 2F
1-2: Foul Ball, location: 2F
1-2: Foul Ball, location: 2F
1-2: Foul Ball, location: 2F
1-2: Fly out, F7 (Flyball, 78M)
Runner from 3rd tags up, SCORES, no throw
Batting: SHB Júlio Ayala 0-0: Ball
1-0: Swinging Strike
1-1: Ball
2-1: Ball
3-1: Base on Balls
Zach Baxter to third
Steve West to second
Batting: RHB Manuel Reyes 0-0: Called Strike
0-1: Ball
1-1: Swinging Strike
1-2: Ball
2-2: Ball
3-2: Base on Balls
Zach Baxter scores
Steve West to third
Júlio Ayala to second
Batting: LHB Todd Sexton 0-0: Ball
1-0: Swinging Strike
1-1: Called Strike
1-2: Strikes out swinging
Batting: LHB Ismael Rodríguez 0-0: Called Strike
0-1: Fly out, F4 (Line Drive, 4)
Bottom of the 7th over - 2 run(s), 1 hit(s), 0 error(s), 3 left on base; Oregon 5 - Rutgers 5
TOP OF THE 8TH
Oregon Ducks batting - Pitching for Rutgers Scarlet Knights : RHP John Rutherford
Batting: RHB Mike Schenck 0-0: Called Strike
0-1: Foul Ball, location: 2F
0-2: Foul Ball, location: 2F
0-2: Ball
1-2: Foul Ball, location: 2F
1-2: Strikes out swinging
Batting: RHB Nate Trevino 0-0: Ball
1-0: Foul Ball, location: 2F
1-1: Fly out, F4 (Popup, 34D)
Batting: LHB Bill Stephenson 0-0: Ball
1-0: Ball
2-0: Ball
3-0: SINGLE (Groundball, 4M)
Batting: RHB Jerry Harris 0-0: Ball
1-0: Ball
Bill Stephenson steals 2nd base
2-0: Ball
3-0: Base on Balls
Batting: RHB Kris Ballard 0-0: Fly out, F9 (Flyball, 9M)
Top of the 8th over - 0 run(s), 1 hit(s), 0 error(s), 2 left on base; Oregon 5 - Rutgers 5
BOTTOM OF THE 8TH
Rutgers Scarlet Knights batting - Pitching for Oregon Ducks : RHP Ronnie Johnston
Pitching: LHP Theodore Plummer
Batting: RHB Martín Campos 0-0: Called Strike
0-1: Ball
1-1: Ball
2-1: Foul Ball, location: 2F
2-2: Ball
3-2: Strikes out looking
Batting: SHB Woody Stanley 0-0: Foul Ball, location: 2F
0-1: Called Strike
0-2: Ground out 6-3 (Groundball, 56)
Batting: LHB Zach Baxter 0-0: Hit by Pitch
Batting: RHB Steve West 0-0: Called Strike
0-1: Foul Ball, location: 2F
0-2: Ball
1-2: Ball
2-2: Ball
3-2: Base on Balls
Zach Baxter to second
Batting: RHB Ed Keesee 0-0: Ball
1-0: Ball
2-0: SINGLE (Flyball, 7S)
Zach Baxter to third
Steve West to second
Batting: SHB Júlio Ayala 0-0: Ball
1-0: Ball
2-0: Ball
3-0: Base on Balls
Zach Baxter scores
Steve West to third
Ed Keesee to second
Batting: RHB Manuel Reyes 0-0: Ball
1-0: Ball
2-0: Swinging Strike
2-1: Ball
3-1: Fly out, F7 (Flyball, 78S)
Bottom of the 8th over - 1 run(s), 1 hit(s), 0 error(s), 3 left on base; Oregon 5 - Rutgers 6
TOP OF THE 9TH
Oregon Ducks batting - Pitching for Rutgers Scarlet Knights : RHP John Rutherford
Pitching: RHP Dominic Scott
Now in LF: Frank Morris
Batting: RHB Bob Levinson 0-0: Ball
1-0: Ball
2-0: Called Strike
2-1: Ball
3-1: Swinging Strike
3-2: Strikes out swinging
Batting: RHB Tom Cirilo 0-0: Called Strike
0-1: Ball
1-1: Ball
2-1: Ball
3-1: Base on Balls
Batting: SHB Joey Boyd 0-0: Called Strike
0-1: Ball
1-1: Swinging Strike
1-2: Ball
2-2: Strikes out swinging
Batting: RHB Raúl González 0-0: Called Strike
0-1: Swinging Strike
0-2: Foul Ball, location: 2F
0-2: Ball
1-2: Strikes out swinging
Top of the 9th over - 0 run(s), 0 hit(s), 0 error(s), 1 left on base; Oregon 5 - Rutgers 6
This league is powered by Out of the Park Baseball, the baseball management simulation game for PC, Mac and Linux
Tuesday, August 2nd, 2016 - OOTP Baseball 16.8 Build 38